 Dungeon Crawl Stone Soup version 0.21.1-1-g345015f (webtiles) character file.

387 inc the Skirmisher (level 6, 0/49 HPs)
             Began as an Octopode Chaos Knight on June 15, 2018.
             Succumbed to Terence's poison
             ... on level 3 of the Dungeon.
             The game lasted 00:03:12 (2292 turns).

inc the Skirmisher (Octopode Chaos Knight)          Turns: 2292, Time: 00:03:13

Health: 0/49       AC:  1    Str: 11    XL:     6   Next: 78%
Magic:  6/6        EV: 15    Int: 15    God:    Xom [...*..]
Gold:   144        SH:  0    Dex: 13    Spells: 5/5 levels left

rFire    . . .     SeeInvis .   m - +1 dagger (speed)
rCold    . . .     Gourm    .   (no shield)
rNeg     . . .     Faith    .   (helmet restricted)
rPois    .         Spirit   .   (no amulet)
rElec    .         Reflect  .   (no ring)
rCorr    .         Harm     .   (no ring)
MR       .....     Rnd*Tele +   (no ring)
Stlth    ++........             (no ring)
HPRegen  0.16/turn              (no ring)
MPRegen  0.10/turn              (no ring)
                                (no ring)
                                (no ring)

@: lethally poisoned (0 -> -8)
A: almost no armour, stealthy swim, amphibious, 8 rings, constrict 8, camouflage
1, robust 1, teleportitis 1, gelatinous body 1
a: Renounce Religion


You were on level 3 of the Dungeon.
You worshipped Xom.
You were a favourite toy of Xom.
You were not hungry.

You visited 1 branch of the dungeon, and saw 3 of its levels.

You collected 144 gold pieces.

Inventory:

Hand Weapons
 k - a +0 rapier
 m - a +1 dagger of speed (weapon)
Wands
 l - a wand of iceblast (7)
Scrolls
 b - a scroll of magic mapping {unknown}
 e - a scroll of enchant armour {unknown}
 f - a scroll of blinking {unknown}
 g - a scroll of fear {unknown}
 h - a scroll of amnesia {unknown}
 j - a scroll of identify
 n - a scroll of random uselessness {unknown}
Potions
 c - a potion of degeneration
 d - a potion of brilliance
Comestibles
 a - 3 rations


   Skills:
 + Level 5.6 Fighting
 + Level 5.2 Dodging
 - Level 3.0 Unarmed Combat


You had 5 spell levels left.
You didn't know any spells.

Dungeon Overview and Level Annotations

Branches:
Dungeon (3/15)

Altars:
Sif Muna

Annotations:
D:3 Terence


Innate Abilities, Weirdness & Mutations

You cannot wear most types of armour.
You are very stealthy in the water. (Stealth+)
You are amphibious.
You can wear up to eight rings at the same time.
You can use your tentacles to constrict eight enemies at once.
Your skin changes colour to match your surroundings (Stealth+).
Your rubbery body absorbs attacks. (AC +1, EV +1)
You are robust. (+10% HP)
You are occasionally teleported next to monsters.


Message History

You release your grip on Terence.
* * * LOW HITPOINT WARNING * * *
You feel sick.
* * * LOW HITPOINT WARNING * * *
You feel sick.
* * * LOW HITPOINT WARNING * * *
You feel sick.
* * * LOW HITPOINT WARNING * * *
You feel sick.
Terence says, "Time to say good-bye..."
* * * LOW HITPOINT WARNING * * *
You feel sick.
* * * LOW HITPOINT WARNING * * *
You feel sick.
* * * LOW HITPOINT WARNING * * *
You feel sick.
* * * LOW HITPOINT WARNING * * *
You feel sick.
You die...
Xom is highly amused!

#.##.#####.#
#.##
#..........#
#.##
####.#######
#.## ####.#
#.<. ##....#
#.## #.....#
#.# #.....#
#.# #.....#
#.# ##..@##
#####.#
##.##
#.....## #@#
##.##....
#.#
#...###.#
#.# ##..##
### #.#
#....# #.#


♣PPPP♣ #.# ♣..P♣♣ #.# ♣♣.♣♣ You could see Terence.

Vanquished Creatures
  Sigmund (D:3)
  3 orc priests (D:3)
  Jessica (D:2)
  Ijyb (D:3)
  2 adders (D:2)
  4 worms
  A dart slug (D:2)
  3 leopard geckos
  6 orcs (D:3)
  A giant cockroach (D:1)
  2 goblins
  4 hobgoblins
  6 bats
  2 frilled lizards
  4 kobolds (D:2)
  4 rats (D:1)
45 creatures vanquished.

Vanquished Creatures (collateral kills)
  An orc priest (D:3)
  An orc (D:3)
2 creatures vanquished.

Grand Total: 47 creatures vanquished

Notes
Turn   | Place    | Note
-------+----------+-------------------------------------------
     0 | D:1      | inc the Octopode Chaos Knight began the quest for the Orb.
     0 | D:1      | Reached XP level 1. HP: 16/16 MP: 1/1
   288 | D:1      | Reached XP level 2. HP: 20/21 MP: 2/2
   422 | D:2      | XOM: divination: detect items
   431 | D:2      | Found a deep blue altar of Sif Muna.
   629 | D:2      | Reached XP level 3. HP: 10/27 MP: 3/3
   804 | D:2      | Noticed Jessica
   822 | D:2      | XOM: harmless Fire miscast
   825 | D:2      | Killed Jessica
   825 | D:2      | Reached XP level 4. HP: 8/33 MP: 4/4
  1051 | D:2      | XOM: divination: detect creatures
  1351 | D:3      | XOM: give mutation
  1351 | D:3      | Gained mutation: You are robust. (+10% HP) [Xom's grace]
  1399 | D:3      | XOM: 1-stop teleportation journey
  1400 | D:3      | Noticed Sigmund
  1410 | D:3      | Killed Sigmund
  1410 | D:3      | Reached skill level 5 in Fighting
  1410 | D:3      | Reached XP level 5. HP: 15/42 MP: 5/5
  1410 | D:3      | Reached XP level 6. HP: 18/49 MP: 6/6
  1582 | D:3      | XOM: butterfly on damage
  1766 | D:3      | Noticed Ijyb
  1785 | D:3      | Killed Ijyb
  1831 | D:3      | XOM: give mutation
  1831 | D:3      | Gained mutation: You are occasionally teleported next to monsters. [Xom's mischief]
  1879 | D:3      | Reached skill level 5 in Dodging
  2028 | D:3      | XOM: summons friendly white imp
  2033 | D:3      | XOM: enchant monster (bad)
  2060 | D:3      | XOM: harmless Air miscast
  2245 | D:3      | Noticed Terence
  2289 | D:3      | HP: 2/49 [poisoned by Terence]
  2292 | D:3      | Succumbed to Terence's poison

Skill      XL: |  1  2  3  4  5  6 |
---------------+-------------------+-----
Dodging        | 3 4 5 |  5.2
Fighting       | 4 5 |  5.6
Unarmed Combat | |  3.0

Action                   |  1- 3 |  4- 6 || total
-------------------------+-------+-------++-------
Melee: Unarmed           |    32 |       ||    32
       Constrict         |    16 |    17 ||    33
       Tentacles         |    11 |    14 ||    25
       Punch             |     2 |     3 ||     5
       Rapier            |    30 |    68 ||    98
       Dagger            |       |    15 ||    15
  Use: Potion            |     6 |     1 ||     7
       Scroll            |       |     1 ||     1
 Stab: Sleeping          |     8 |     2 ||    10
  Eat: Chunk             |       |     4 ||     4
Armor: Skin              |     5 |     2 ||     7
Dodge: Dodged            |    58 |    44 ||   102
